 Dungeon Crawl Stone Soup version 0.31-a0-23-gcbde74481b (webtiles) character file.

Game seed: 1268535035082252274

23 pk666 the Magician (level 2, -5/15 HPs)
             Began as a Deep Elf Hedge Wizard on May 13, 2023.
             Slain by Natasha (8 damage)
             ... on level 2 of the Dungeon.
             The game lasted 00:03:45 (1130 turns).

pk666 the Magician (Deep Elf Hedge Wizard)          Turns: 1130, Time: 00:03:46

Health: -5/15      AC:  3    Str:  7    XL:     2   Next: 72%
Magic:  2/9        EV: 12    Int: 18    God:
Gold:   58         SH:  0    Dex: 14    Spells: 7/10 levels left

rFire   . . .        a - +0 dagger
rCold   . . .        (no shield)
rNeg    . . .        b - +0 robe
rPois   .            c - +0 hat
rElec   .            (no cloak)
rCorr   .            (no gloves)
SInv    .            e - +0 pair of boots
Will    .....        (no amulet)
Stlth   ++           (no ring)
HPRegen 0.22/turn    (no ring)
MPRegen 0.11/turn

%: no passive effects
@: very slightly contaminated
A: no striking features
a: no special abilities


You were on level 2 of the Dungeon.
You visited 1 branch of the dungeon, and saw 2 of its levels.

You collected 91 gold pieces.
You spent 33 gold pieces at shops.

Inventory:

Hand Weapons
 a - a +0 dagger (weapon)
Armour
 b - a +0 robe (worn)
 c - a +0 hat (worn)
 e - a +0 pair of boots (worn)
Jewellery
 h - a ring of fire
Scrolls
 f - a scroll of enchant weapon {unknown}
 g - a scroll of immolation {unknown}
 i - a scroll of fog {unknown}
 j - a scroll of teleportation {unknown}
 k - a scroll of identify
 l - a scroll of noise
 n - a scroll of blinking {unknown}
Potions
 d - a potion of magic
 m - a potion of mutation {unknown}


   Skills:
 - Level 2.4 Dodging
 - Level 2.4 Stealth
 + Level 4.8 Spellcasting
 + Level 1.9 Conjurations
 - Level 1.1 Summonings
 + Level 2.0 Translocations
 + Level 0.0 Air Magic
 * Level 0.0 Poison Magic


You had 7 spell levels left.
You knew the following spells:

 Your Spells              Type           Power      Damage    Failure   Level
a - Magic Dart            Conj           44%        1d5       6%          1
b - Blink                 Tloc           22%        N/A       9%          2

Your spell library contained the following spells:

 Spells                   Type           Power      Damage    Failure   Level
 Apportation              Tloc           22%        N/A       6%          1
 Summon Small Mammal      Summ           32%        N/A       9%          1
 Call Imp                 Summ           16%        N/A       13%         2
 Necrotise                Necr           16%        1d4       14%         1
 Slow                     Hex            16%        N/A       14%         1
 Cigotuvi's Dreadful Rot  Necr/Pois/Air  8%         N/A       21%         2
 Ensorcelled Hibernation  Hex/Ice        8%         N/A       21%         2
 Passwall                 Tmut/Erth      3%         N/A       21%         2
 Poisonous Vapours        Pois/Air       8%         N/A       21%         2
 Mephitic Cloud           Conj/Pois/Air  6%         N/A       30%         3
 Swiftness                Air            4%         N/A       38%         3
 Freezing Cloud           Conj/Ice/Air   3%         6-21      96%         5


Dungeon Overview and Level Annotations

Branches:
Dungeon (2/15)

Altars:
Okawaru

Shops:
D:1 *?:

Annotations:
D:2 Natasha


Message History

Aim: Natasha (100% to hit)
The magic dart hits Natasha.
Natasha is moderately wounded.
Natasha hisses.
Casting: Magic Dart (safe; 6% risk of failure)
Confirm with . or Enter, or press ? or * to list all spells.
Aiming: Magic Dart (safe; 6% risk of failure)
Press: ? - help, Shift-Dir - straight line, f/p - Natasha
Aim: Natasha (moderately wounded, 100% to hit)
The magic dart hits Natasha but does no damage.
Natasha is moderately wounded.
Casting: Magic Dart (safe; 6% risk of failure)
Confirm with . or Enter, or press ? or * to list all spells.
Aiming: Magic Dart (safe; 6% risk of failure)
Press: ? - help, Shift-Dir - straight line, f/p - Natasha
Aim: Natasha (moderately wounded, 100% to hit)
The magic dart hits Natasha.
Natasha is heavily wounded.
Natasha claws you.
Casting: Magic Dart (safe; 6% risk of failure)
Confirm with . or Enter, or press ? or * to list all spells.
Aiming: Magic Dart (safe; 6% risk of failure)
Press: ? - help, Shift-Dir - straight line, f/p - Natasha
Aim: Natasha (moderately wounded, 100% to hit)
The magic dart hits Natasha.
Natasha is heavily wounded.
Natasha closely misses you.
Casting: Magic Dart (safe; 6% risk of failure)
Confirm with . or Enter, or press ? or * to list all spells.
Aiming: Magic Dart (safe; 6% risk of failure)
Press: ? - help, Shift-Dir - straight line, f/p - Natasha
Aim: Natasha (heavily wounded, 100% to hit)
The magic dart hits Natasha.
Natasha is severely wounded.
Natasha claws you.
* * * LOW HITPOINT WARNING * * *
Natasha attacks as you move away! Natasha barely misses you.
Found 4 gold pieces.
Natasha claws you!
Ouch! That really hurt!
You die...

..........#
........>. ..........
.........##
#.........#
#....#.#.#
####.##.l.#.#
.........#h..####..
...........S.@.......
...................##
....................#
.....................
............)...._...
..........†<.#......$
....................#
#..........##...#.##.
#######.#### .#...#


You could see an iguana, Natasha and an adder.

Vanquished Creatures
  3 dart slugs
  2 endoplasms
  A giant cockroach (D:1)
  A goblin (D:1)
  2 hobgoblins (D:1)
  A kobold (D:1)
  A quokka (D:1)
  2 ball pythons (D:1)
  A frilled lizard (D:1)
  A rat (D:1)
15 creatures vanquished.

Notes
Turn   | Place    | Note
-------+----------+-------------------------------------------
     0 | D:1      | pk666 the Deep Elf Hedge Wizard began the quest for the
                  | Orb.
     0 | D:1      | Reached XP level 1. HP: 10/10 MP: 7/7
   198 | D:1      | You fall into a shaft and drop 1 floor!
   318 | D:1      | Found Virghoex's Assorted Antiques.
   327 | D:1      | Reached XP level 2. HP: 15/15 MP: 2/9
   335 | D:1      | Learned a level 2 spell: Blink
   714 | D:1      | Found Qisaver's Book Boutique.
   727 | D:1      | Found Hecan's Magic Scroll Shoppe.
   732 | D:1      | Bought a scroll of identify for 22 gold pieces
   732 | D:1      | Bought a scroll of noise for 11 gold pieces
  1115 | D:2      | Found an iron altar of Okawaru.
  1122 | D:2      | Noticed Natasha
  1130 | D:2      | Slain by Natasha

Illustrated notes

Levels and vault maps discovered:
D:1:      grunt_arrival_crossed_arrows, layout_loops_ring, serial_shops,
          nicolae_shop_hallway_plus, shop, nicolae_shop_advertising_works
          [nicolae_subvault_shop_adworks], st_stairs_8
D:2:      layout_rooms, basic_altar, kennysheep_jessica_study, uniq_natasha

Skill      XL: |  1  2 |
---------------+-------+-----
Translocations | 2 |  2.0
Dodging        | |  2.4
Stealth        | |  2.4
Spellcasting   | |  4.8
Conjurations   | |  1.9
Summonings     | |  1.1

Action                     || total
---------------------------++-------
   Cast: Magic Dart        ||    54
 Armour: Robe              ||     2
  Dodge: Dodged            ||     4

Table legend: (Time is in decaauts)
 A = Elapsed time spent in this place.
 B = Non-inter-level travel time spent in this place.
 C = Inter-level travel time spent in this place.
 D = Time resting spent in this place.
 E = Time spent auto-exploring this place.
 F = Levels seen in this place.
 G = Mean time per level.
                   A        B        C        D        E       F      G
               +--------+--------+--------+--------+--------+-----+--------+
         Total |   1129 |   1112 |     17 |     42 |    945 |   2 |  564.5 |
       Dungeon |   1129 |   1112 |     17 |     42 |    945 |   2 |  564.5 |
               +--------+--------+--------+--------+--------+-----+--------+

Top non-repeatable levels by time:
     D:1: 963 daAuts
     D:2: 166 daAuts
